 Dungeon Crawl Stone Soup version 0.31-a0-339-gda1cbd555d (webtiles) character file.

Game seed: 9665590578641941839

1989306 Monkooky the Acrobat (level 22, 122/122 HPs)
             Began as a Spriggan Brigand on July 21, 2023.
             Was the Champion of Trog.
             Escaped with the Orb
             ... and 3 runes!
             The game lasted 02:30:47 (43906 turns).

Monkooky the Acrobat (Spriggan Brigand)            Turns: 43906, Time: 02:30:47

Health: 122/122    AC: 16    Str: 16 (17) XL:     22   Next: 84%
Magic:  26/26      EV: 74    Int:  8 (9)  God:    Trog [******]
Gold:   4120       SH:  0    Dex: 29      Spells: 29/29 levels left

rFire   . . .        k - melded +3 dagger (venom)
rCold   + . .        l - melded orb {*Rage}
rNeg    . . .        Z - melded +4 moon troll leather armour {Spirit, Regen++ MP+5}
rPois   ∞            (helmet currently unavailable)
rElec   +            c - melded +1 cloak
rCorr   +            (gloves unavailable)
SInv    +            (boots unavailable)
Will    +++..        b - amulet of the Will of the Gods {Spirit rC+ Str+2}
Stlth   +++          S - ring of resist corrosion
HPRegen 0.40/turn    d - ring "Eroipa" {Str+4 Dex+6}
MPRegen 0.20/turn

%: guardian spirit
@: storm-form, flying, hasted, studying Throwing, very quick
A: cleaving, insubstantial, flying, very small, no large weapons, unfitting
armour, see invisible, (speed 3), (iridescent scales 1), (deformed body),
deterioration 1, dopey 2, low MP 1, (poison resistance), subdued magic 1
0: Orb of Zot
}: 3/15 runes: barnacled, slimy, gossamer
a: Blinkbolt, Begin Untransformation, Renounce Religion, Berserk, Trog's Hand,
Brothers in Arms


You escaped.
You worshipped Trog.
Trog was exalted by your worship.
You were a lightning-filled tempest!
You visited 10 branches of the dungeon, and saw 47 of its levels.
You visited 1 bazaar.
You also visited: Wizlab.

You collected 5167 gold pieces.
You spent 1047 gold pieces at shops.

Inventory:

Hand Weapons
 k - a +3 dagger of venom (melded)
Missiles
 e - 8 curare-tipped darts
 H - 13 throwing nets
Armour
 c - a +1 cloak (melded)
 l - an orb of wrath (melded)
 Z - the +4 moon troll leather armour (melded) {Spirit, Regen++ MP+5}
   (You found it on level 10 of the Dungeon)

   MP:        It affects your magic capacity (+5).
   Regen:     It increases your rate of health regeneration.
Jewellery
 b - the amulet of the Will of the Gods (around neck) {Spirit rC+ Str+2}
   (You acquired it on level 14 of the Dungeon)

   [amulet of guardian spirit]

   It causes incoming damage to be divided between your reserves of health and
   magic.
   Str:       It affects your strength (+2).
   rC:        It protects you from cold.
 d - the ring "Eroipa" (right fist) {Str+4 Dex+6}
   (You found it on level 15 of the Dungeon)

   [ring of dexterity]

   Str:       It affects your strength (+4).
   Dex:       It affects your dexterity (+6).
 f - a ring of protection from fire
 i - a ring of protection from cold
 A - a ring of positive energy
 G - a ring of protection from fire
 R - a +4 ring of protection
 S - a ring of resist corrosion (left fist)
 U - a ring of magical power
 X - the ring of Juforphon {rC- rN+ Will+ Str+6 Int+3}
   (You took it off a yaktaur on level 10 of the Dungeon)

   [ring of willpower]

   Str:       It affects your strength (+6).
   Int:       It affects your intelligence (+3).
   rC:        It makes you vulnerable to cold.
   rN:        It protects you from negative energy.
   Will:      It increases your willpower.
Talismans
 x - a storm talisman
Wands
 v - a wand of flame (56)
 E - a wand of iceblast (58)
 K - a wand of digging (17)
 M - a wand of light (13)
 N - a wand of charming (45)
Scrolls
 g - 5 scrolls of revelation
 r - 8 scrolls of teleportation
 s - 10 scrolls of immolation
 w - 3 scrolls of butterflies
 y - 7 scrolls of vulnerability
 z - 7 scrolls of fear
 B - 3 scrolls of torment
 F - 6 scrolls of poison
 J - 8 scrolls of fog
 L - 5 scrolls of blinking
 O - 2 scrolls of silence
Potions
 a - 14 potions of attraction
 h - 3 potions of berserk rage
 m - 8 potions of enlightenment
 n - 3 potions of resistance
 o - 2 potions of invisibility
 p - 6 potions of lignification
 t - 19 potions of curing
 u - a potion of haste
 C - 15 potions of heal wounds
 D - 4 potions of mutation
 I - 2 potions of magic
 P - 2 potions of might
 Q - 2 potions of ambrosia
 T - 4 potions of cancellation
Miscellaneous
 j - a lightning rod (4/4)
 q - a sack of spiders
 V - a condenser vane
 W - a phial of floods
 Y - a phantom mirror


   Skills:
 + Level 15.0 Fighting
 - Level 3.4 Short Blades
 - Level 6.0 Throwing
 + Level 25.2 Dodging
 + Level 19.7 Stealth
 + Level 14.3 Unarmed Combat
 - Level 4.1 Spellcasting
 - Level 17.9 Evocations
 + Level 23.5 Shapeshifting


You had 29 spell levels left.
You didn't know any spells.
Your spell library contained the following spells:

 Spells                   Type           Power      Damage    Failure   Level
 Kiss of Death            Conj/Necr      4%         2d5       24%         1
 Wereblood                Tmut           1%         N/A       36%         2
 Confusing Touch          Hex            1%         N/A       61%         3
 Dispel Undead            Necr           1%         3d6       95%         4
 Summon Hydra             Summ           0%         N/A       100%        7
 Sublimation of Blood     Necr           Unusable   N/A       N/A         2

Dungeon Overview and Level Annotations

Branches:
Dungeon (15/15)            Temple (1/1) D:5            Lair (5/5) D:9
 Shoals (4/4) Lair:2       Spider (4/4) Lair:2        Slime (5/5) Lair:5
    Orc (2/2) D:9             Elf (0/3) Orc:2        Vaults (2/5) D:14
  Crypt (0/3) Vaults:2     Depths (4/4) D:15            Zot (5/5) Depths:4
 WizLab (visited)

Altars:
Ashenzari
Cheibriados
Dithmenos
Elyvilon
Fedhas
Gozag
Hepliaklqana
Kikubaaqudgha
Makhleb
Nemelex Xobeh
Okawaru
Qazlal
Ru
Sif Muna
Trog
Uskayaw
Vehumet
Wu Jian
Xom
Yredelemnul
Zin
The Shining One
Jiyva
Lugonu

Shops:
D:3 [   D:7 =   Orc:2 !*(?   Depths:4 :==

Portals:
Hell: Depths:1 Depths:3 Depths:4
Abyss: D:4 Depths:3 Depths:4
Pandemonium: Depths:1
Ziggurat: Depths:4

Annotations:
D:4 2 runed translucent doors
D:8 exclusion: downstairs
Lair:3 exclusion: downstairs
Lair:5 1 runed translucent door
Shoals:2 exclusion: downstairs
Spider:3 2 transporters, exclusion: orange crystal statue, Arachne; Lahaam's ghost, adept MiBe; Puukheko's ghost, adept MfGl
Depths:1 4 transporters
Depths:2 3 runed translucent doors
Zot:4 1 transporter, Toid's ghost, veteran OgBe


Innate Abilities, Weirdness & Mutations

You are a lightning-filled tempest!
Your electrical attacks strike out in all directions at once.
You are incredibly evasive.
Your insubstantial body is immune to petrification, constriction, and being set on fire You are flying.
Your armour is entirely melded.
You are incapable of wielding weapons or throwing items.
You are very small and have problems with some larger weapons.
You are too small for most types of armour.
You are immune to poison.
You have supernaturally acute eyesight. (SInv)
((You cover ground extremely quickly. (Speed+++)))
((You are partially covered in iridescent scales. (AC +2)))
((Armour fits poorly on your strangely shaped body.))
Your body sometimes deteriorates upon taking damage.
You are very dopey. (Int -4)
Your magical capacity is low. (-10% MP)
((Your system is resistant to poisons. (rPois)))
Your spells are a little easier to cast, but a little less powerful.


Message History

The balrug is wielding a +1 demon whip of draining.
The sun demon shouts!
There is a stone staircase leading up here.
You fly upwards.
There is a stone staircase leading down here.
(D) Dungeon (T) Temple (L) Lair (A) Shoals (N) Spider Nest (M) Slime Pits (O) Orcish Mines (E) Elven Halls (V) Vaults (C) Crypt (U) Depths (H) Hell (Z) Zot
Where to? (Enter - D:1, ? - help)
A rust devil comes into view.
Aiming: Blinkbolt
Press: ? - help, Q - select action, (/) - cycle Dir - move target, f - rust devil
Aim: a rust devil (96% to hit)
The shock of your passage hits the rust devil!!
The rust devil resists.
The rust devil is heavily wounded.
You blink.
You hit the rust devil.
The rust devil is heavily wounded.
You batter the rust devil!!
You kill the rust devil!
Trog accepts your kill.
(D) Dungeon (T) Temple (L) Lair (A) Shoals (N) Spider Nest (M) Slime Pits (O) Orcish Mines (E) Elven Halls (V) Vaults (C) Crypt (U) Depths (H) Hell (Z) Zot
Where to? (Enter - D:1, ? - help)
You see here 3 stones.
HP restored.
You feel energetic enough to blinkbolt again.
There is a stone staircase leading up here.
You fly upwards.
There is a stone staircase leading down here.
Okay, then.
You feel yourself speed up.
An Orb Guardian comes into view.
There is a large open door here.
There is a staircase leading out of the dungeon here.
You have escaped!

...#.....#...#.....#..#.# #..
####..>..'.X.'.....####.# #..
#.....##.##.....####.#######..
#########.########.............
##.....##...##.....###.#######..
#......##...##......##.#######..
#.###'####.###'####.........##..
#.#.....##.##.....#.........##..
##.#.....#...'..v..#.........##..
#..#.....#...'.....#.............
#.########...#######.........#.#.
..# #.......#.# #.#.........#.#.
### #.........# #.#.........#.#.
# #...)..#.## #.#............. #
#......#.# #....####....... #
#......#.# #..####....#..#. #
##.....##.####.#####.##.##.#.


There were no monsters in sight!

Vanquished Creatures
  the Royal Jelly (Slime:5)
  Dissolution (Slime:5)
  3 dread liches (Zot:5)
  2 orbs of fire (Zot:5)
  A juggernaut (Depths:3)
  Bai Suzhen (Shoals:3)
  A curse toe (Zot:4)
  2 Killer Klowns (Zot:5)
  Xtahua (Depths:4)
  4 caustic shrikes (Depths:4)
  A golden dragon (Depths:3)
  An electric golem (Zot:5)
  7 tentacled monstrosities
  A pandemonium lord (Depths:1)
  23 Orb Guardians
  3 liches
  A walking divine tome (Depths:2)
  3 quicksilver dragons
  3 death cobs
  An Executioner (D:9)
  A walking frostbound tome (Depths:3)
  A sphinx (Depths:3)
  13 acid blobs
  5 ancient champions (WizLab)
  Polyphemus (Shoals:4)
  2 tengu reavers
  5 shadow dragons
  8 krakens
  18 rockslimes
  6 azure jellies
  3 storm dragons
  A draconian knight (Depths:4)
  A revenant (WizLab)
  2 fire giants
  2 draconian monks (Zot:4)
  3 vault wardens
  7 emperor scorpions
  3 caustic shrike zombies (WizLab)
  5 frost giants
  2 orc warlords (Vaults:1)
  2 draconian stormcallers
  10 stone giants
  2 spriggan defenders (Depths:4)
  14 quicksilver oozes
  6 ghost moths
  A draconian annihilator (Depths:4)
  12 very ugly things
  3 formless jellyfish (Slime:2)
  2 ironbound thunderhulks (Vaults:1)
  8 ironbound preservers
  6 vampire knights
  2 green draconians
  5 halazid warlocks (WizLab)
  A lorocyproca (Zot:1)
  A yellow draconian (Zot:4)
  The ghost of Huipt the Bewitcher, a journeyman DEFE of Sif Muna (D:15)
  2 white draconians
  A deep elf annihilator (Vaults:2)
  5 eidola (WizLab)
  A dire elephant (Vaults:2)
  2 purple draconians (Depths:4)
  14 spark wasps
  2 deep elf death magi (WizLab)
  5 merfolk impalers
  A spectral quicksilver dragon (WizLab)
  5 ettins
  2 quicksilver dragon zombies (WizLab)
  3 entropy weavers
  Josephine (D:15)
  6 merfolk javelineers
  3 jiangshi (WizLab)
  4 yaktaur captains
  7 fire dragons
  3 hydras
  5 ice dragons
  3 catoblepae
  A great orb of eyes (Slime:5)
  Fannar (D:11)
  A rakshasa (Depths:3)
  5 merfolk avatars
  9 merfolk aquamancers
  A hell beast (Depths:1)
  6 spriggan air magi
  A jorogumo (shapeshifter) (Depths:3)
  A radroach (Spider:4)
  7 centaur warriors
  3 ironbound frosthearts
  3 alligator snapping turtles
  2 ogre magi
  A jorogumo (Spider:4)
  A death knight (D:15)
  A deep troll shaman (Depths:4)
  3 boulder beetles
  4 tengu warriors
  12 death yaks
  12 two-headed ogres
  2 vampire magi
  3 satyrs
  A titan zombie (WizLab)
  13 demonic crawlers
  6 orc high priests (Orc:2)
  4 deep troll earth magi
  A sun demon (Zot:1)
  4 spriggan berserkers
  A hell knight (Depths:3)
  5 iron trolls
  3 shadow wraiths (WizLab)
  A soul eater (Depths:1)
  A storm dragon skeleton (Depths:3)
  9 skeletal warriors
  8 skysharks
  6 pharaoh ants
  A sun moth (Spider:3)
  15 orb spiders
  3 flayed ghosts
  A golden dragon zombie (Depths:3)
  30 deep trolls
  9 lindwurms
  13 sea snakes
  3 wizards
  A golden dragon skeleton (Depths:3)
  11 orc knights
  7 phantasmal warriors
  6 steelbarb worms
  27 harpies
  4 necromancers
  3 ironbound convokers (Vaults:1)
  A deep elf pyromancer (D:13)
  19 manticores
  3 shining eyes
  2 spectral spriggans (WizLab)
  2 oklob plants
  20 wolf spiders
  10 fauns
  An orc sorcerer (Orc:1)
  24 ugly things
  14 moths of wrath
  9 cyclopes
  Maurice (D:9)
  9 elephants
  5 black mambas
  11 merfolk sirens
  6 water nymphs
  6 vault sentinels
  An orange demon (Depths:1)
  A rust devil (D:2)
  A gargoyle (D:12)
  10 cane toads
  An eye of devastation (Slime:3)
  11 torpor snails
  An unseen horror (shapeshifter) (Depths:2)
  A freezing wraith (D:15)
  An efreet (D:14)
  26 yaktaurs
  6 rime drakes
  2 tengu conjurers
  A tormentor (Zot:3)
  10 komodo dragons
  A komodo dragon (shapeshifter) (D:10)
  A yaktaur (shapeshifter) (D:14)
  4 kobold demonologists
  A spark wasp simulacrum (Depths:3)
  A golden dragon simulacrum (Depths:3)
  A harpy zombie (WizLab)
  An ice devil (Depths:1)
  A queen bee (shapeshifter) (D:15)
  10 trolls
  3 tyrant leeches (Lair:5)
  A red devil (Depths:1)
  45 merfolk
  22 tarantellas
  5 wind drakes
  4 polar bears
  A tengu simulacrum (Depths:3)
  10 blink frogs
  20 hornets
  11 dream sheep (Shoals:1)
  10 snapping turtles
  2 spriggan zombies
  25 culicivoras
  12 flying skulls (WizLab)
  32 jumping spiders
  A culicivora (shapeshifter) (D:10)
  3 vampires
  2 ynoxinuls (Depths:1)
  53 slime creatures
  5 spriggans
  A shadow (D:12)
  14 wyverns
  10 water elementals
  47 yaks
  8 golden eyes
  7 wraiths
  11 basilisks
  2 chaos spawn (D:11)
  5 neqoxecs (D:15)
  A hog (shapeshifter) (D:13)
  69 redbacks
  9 vampire mosquitoes
  3 wargs
  A glowing shapeshifter zombie (Depths:3)
  3 acid dragons
  10 water moccasins
  34 orc warriors
  A hornet zombie (D:7)
  3 black bears
  An ice beast (D:5)
  An ogre (D:4)
  9 wolves
  3 boggarts (D:12)
  10 centaurs
  11 bullfrogs
  5 kobold brigands
  A gnoll sergeant (D:7)
  4 scorpions
  A glowing shapeshifter simulacrum (Depths:3)
  9 wights
  12 killer bees
  9 electric eels
  4 howler monkeys
  3 centaur zombies (D:7)
  2 quasits (D:15)
  18 orc priests
  5 hounds
  3 jellies
  A gnoll bouda (D:6)
  2 iguanas
  10 hell rats
  Natasha (twice) (D:2)
  23 orc wizards
  3 polar bear simulacra (Lair:4)
  2 killer bee zombies (D:7)
  3 wolf simulacra (Lair:4)
  2 howler monkey zombies (D:7)
  10 gnolls
  10 adders
  3 shadow imps
  A white imp (D:6)
  An ufetubus (D:6)
  A worm (shapeshifter) (D:13)
  A worm (D:2)
  3 dart slugs
  76 orcs
  6 bats
  6 endoplasms
  A giant cockroach (D:2)
  9 goblins
  5 hobgoblins
  6 quokkas
  A ball python (D:1)
  7 frilled lizards
  22 kobolds
  8 rats
  5 river rat simulacra (Lair:4)
  20 tentacles
1682 creatures vanquished.

Vanquished Creatures (collateral kills)
  A frost giant (Depths:4)
  A quicksilver ooze (Slime:5)
2 creatures vanquished.

Vanquished Creatures (others)
  A draconian knight (Zot:4)
  A fire giant (Depths:4)
  A spark wasp (Depths:4)
  A merfolk impaler (Shoals:2)
  A hydra (D:10)
  A merfolk (Shoals:4)
  A slime creature (Slime:1)
  2 flying skulls (WizLab)
  A culicivora (Spider:1)
  17 tentacles
27 creatures vanquished.

Grand Total: 1711 creatures vanquished

Notes
Turn   | Place    | Note
-------+----------+-------------------------------------------
     0 | D:1      | Monkooky the Spriggan Brigand began the quest for the Orb.
     0 | D:1      | Reached XP level 1. HP: 10/10 MP: 2/2
   196 | D:1      | Reached XP level 2. HP: 14/14 MP: 3/3
   521 | D:2      | Reached XP level 3. HP: 5/18 MP: 4/4
   597 | D:2      | Noticed Natasha
   601 | D:2      | Killed Natasha
   602 | D:2      | Reached XP level 4. HP: 22/22 MP: 5/5
   660 | D:2      | Noticed Natasha
   698 | D:2      | Killed Natasha
   787 | D:2      | Reached skill level 5 in Throwing
   917 | D:2      | Reached XP level 5. HP: 22/25 MP: 6/6
  1267 | D:3      | Found a stormy altar of Qazlal.
  1514 | D:3      | Found Hazi Qul's Armour Boutique.
  1963 | D:4      | Noticed a black bear
  2010 | D:4      | Killed a black bear
  2011 | D:4      | Reached XP level 6. HP: 30/30 MP: 7/7
  2230 | D:4      | Found a large runed translucent door.
  2230 | D:4      | Found a large runed translucent door.
  2232 | D:4      | Found a corrupted altar of Lugonu.
  2328 | D:4      | Found a white marble altar of Elyvilon.
  2570 | D:4      | Found a one-way gate to the infinite horrors of the Abyss.
  2932 | D:5      | Entered Level 5 of the Dungeon
  3054 | D:5      | Reached skill level 1 in Shapeshifting
  3100 | D:5      | Noticed an ice beast
  3120 | D:5      | Killed an ice beast
  3121 | D:5      | Reached XP level 7. HP: 33/33 MP: 8/8
  3156 | D:5      | Found a shimmering blue altar of Sif Muna.
  3311 | D:5      | Found a burning altar of Makhleb.
  3370 | D:5      | Found a staircase to the Ecumenical Temple.
  3399 | Temple   | Entered the Ecumenical Temple
  3450 | Temple   | Became a worshipper of Trog the Wrathful
  3937 | D:5      | Found a hazy altar of Hepliaklqana.
  4070 | D:6      | Reached skill level 5 in Shapeshifting
  4423 | D:6      | Reached XP level 8. HP: 19/37 MP: 9/9
  4497 | D:6      | Reached * piety under Trog
  4844 | D:6      | Noticed a two-headed ogre
  4892 | D:6      | Killed a two-headed ogre
  5071 | D:6      | Found an opulent altar of Gozag.
  5278 | D:6      | Reached XP level 9. HP: 20/41 MP: 10/10
  5578 | D:7      | Reached skill level 10 in Shapeshifting
  5925 | D:7      | Reached ** piety under Trog
  6281 | D:7      | Found a basalt altar of Yredelemnul.
  6388 | D:7      | HP: 1/41 [acid (9)]
  6986 | D:7      | Found Udestridi's Jewellery Emporium.
  8325 | D:9      | Reached XP level 10. HP: 46/46 MP: 11/11
  8921 | D:9      | Found a staircase to the Orcish Mines.
  9102 | D:9      | Reached *** piety under Trog
  9273 | D:9      | Noticed a death yak
  9461 | D:9      | Noticed a death yak
  9461 | D:9      | Noticed a death yak
  9463 | D:9      | Noticed a death yak
  9570 | D:9      | Killed a death yak
  9571 | D:9      | Reached skill level 15 in Shapeshifting
  9586 | D:9      | Killed a death yak
  9661 | D:9      | Noticed a two-headed ogre
  9662 | D:9      | Found a staircase to the Lair.
  9662 | D:9      | Noticed a death yak
  9662 | D:9      | Noticed a death yak
  9665 | D:9      | Noticed a death yak
  9669 | D:9      | Noticed a death yak
  9669 | D:9      | Noticed a death yak
  9744 | D:9      | Killed a two-headed ogre
  9950 | D:9      | Noticed a two-headed ogre
  9958 | D:9      | Killed a two-headed ogre
  9959 | D:9      | Reached XP level 11. HP: 49/49 MP: 12/12
 10063 | D:9      | Killed a death yak
 10211 | D:9      | Killed a death yak
 10343 | D:9      | Killed a death yak
 10449 | D:9      | Found a glowing golden altar of the Shining One.
 10450 | D:9      | Found a blossoming altar of Fedhas.
 10555 | D:9      | Killed a death yak
 10931 | D:9      | Noticed Maurice
 10941 | D:9      | Killed Maurice
 11229 | D:9      | Killed a death yak
 11365 | D:9      | Killed a death yak
 11555 | D:9      | Killed a death yak
 11801 | Lair:1   | Entered Level 1 of the Lair of Beasts
 11857 | Lair:1   | Reached skill level 1 in Unarmed Combat
 11901 | Lair:1   | Reached **** piety under Trog
 11930 | Lair:1   | Noticed a catoblepas
 11948 | Lair:1   | Killed a catoblepas
 11949 | Lair:1   | Reached XP level 12. HP: 42/58 MP: 13/13
 12594 | Lair:2   | Reached skill level 5 in Fighting
 12752 | Lair:2   | Found a staircase to the Shoals.
 12769 | Lair:2   | Identified the +2 hand axe of the Aged Quests {vamp, rPois
                  | rCorr Str+6 Dex-5}
 13018 | Lair:2   | Noticed a five-headed hydra
 13067 | Lair:2   | Found a hole to the Spider Nest.
 13069 | Lair:2   | Reached skill level 1 in Evocations
 13456 | Lair:3   | Reached skill level 5 in Evocations
 13977 | Lair:2   | Killed a five-headed hydra
 14076 | D:7      | Bought a +4 ring of protection for 468 gold pieces
 14330 | Lair:4   | Reached ***** piety under Trog
 14330 | Lair:4   | Noticed a catoblepas
 14335 | Lair:4   | Reached skill level 2 in Dodging
 14340 | Lair:4   | Reached skill level 3 in Dodging
 14351 | Lair:4   | Reached skill level 4 in Dodging
 14355 | Lair:4   | Killed a catoblepas
 14496 | Lair:4   | Reached skill level 5 in Dodging
 14496 | Lair:4   | Reached XP level 13. HP: 47/66 MP: 14/14
 14549 | Lair:4   | You are sucked into a shaft and drop 1 floor!
 14549 | Lair:5   | Entered Level 5 of the Lair of Beasts
 14595 | Lair:5   | Reached skill level 5 in Unarmed Combat
 14596 | Lair:5   | Reached skill level 6 in Dodging
 14674 | Lair:5   | Reached skill level 7 in Dodging
 14753 | Lair:5   | Found a runed translucent door.
 14754 | Lair:5   | Noticed a fire dragon
 14795 | Lair:5   | Received a gift from Trog
 14802 | Lair:5   | Reached skill level 8 in Dodging
 14945 | Lair:5   | Reached skill level 9 in Dodging
 15246 | Lair:5   | Found a staircase to the Slime Pits.
 15247 | Lair:5   | Found a viscous altar of Jiyva.
 15253 | Lair:5   | Reached skill level 10 in Dodging
 15748 | Lair:4   | Found a hide-covered altar of Uskayaw.
 15851 | Lair:4   | Reached skill level 11 in Dodging
 16045 | Lair:4   | Reached XP level 14. HP: 12/73 MP: 15/15
 16197 | Lair:4   | Received a gift from Trog
 16775 | D:10     | Entered Level 10 of the Dungeon
 16785 | D:10     | Found an iron altar of Okawaru.
 17064 | D:10     | Found the +4 moon troll leather armour {Spirit, Regen++
                  | MP+5}
 17070 | D:10     | Identified the ring of Juforphon {rC- rN+ Will+ Str+6
                  | Int+3}
 17077 | D:10     | Reached skill level 12 in Dodging
 17402 | D:10     | Found an ornate altar of the Wu Jian Council.
 17529 | D:11     | Found a shimmering altar of Xom.
 17529 | D:11     | Found the +7 mace of Variability {chaos, chaos arc}
 17530 | D:11     | Received a gift from Trog
 17778 | D:11     | Noticed Fannar
 17819 | D:11     | Killed Fannar
 18736 | D:12     | Reached skill level 13 in Dodging
 19454 | D:12     | You are sucked into a shaft and drop 3 floors!
 19454 | D:15     | Entered Level 15 of the Dungeon
 19473 | D:15     | Found a transporter.
 19474 | D:15     | Noticed Huipt's ghost (journeyman DEFE)
 19530 | D:14     | Identified a scroll of acquirement
 19544 | D:14     | Acquired the amulet of the Will of the Gods {Spirit rC+
                  | Str+2}
 19589 | D:14     | Received a gift from Trog
 19859 | D:13     | Reached XP level 15. HP: 68/79 MP: 16/16
 19985 | D:13     | Reached skill level 14 in Dodging
 20548 | Orc:1    | Entered Level 1 of the Orcish Mines
 20642 | Orc:2    | Entered Level 2 of the Orcish Mines
 20894 | Orc:2    | Reached ****** piety under Trog
 21169 | Orc:2    | Found a staircase to the Elven Halls.
 21170 | Orc:2    | Received a gift from Trog
 21642 | Orc:2    | Found Xaocoel's Magic Scroll Boutique.
 21645 | Orc:2    | Found Geihogiv's Assorted Antiques.
 21646 | Orc:2    | Found Ubudis's Distillery.
 21647 | Orc:2    | Found Tyuttit's Weapon Shop.
 21650 | Orc:2    | Bought a potion of heal wounds for 60 gold pieces
 21651 | Orc:2    | Bought a scroll labelled FIQUFA FIROWY for 23 gold pieces
 21651 | Orc:2    | Bought a clear potion for 20 gold pieces
 21859 | D:15     | Reached skill level 15 in Dodging
 21933 | D:15     | Noticed Josephine
 21939 | D:15     | Killed Josephine
 21975 | D:15     | Found a transporter.
 22029 | D:15     | Identified the +5 dagger of Nem Kah {flame, Will+ Dex+2}
                  | (Trog gifted it to you on level 15 of the Dungeon)
 22029 | D:15     | Received a gift from Trog
 22038 | D:15     | Killed Huipt's ghost
 22039 | D:15     | Gained mutation: Armour fits poorly on your strangely
                  | shaped body. [a neqoxec]
 22056 | D:15     | Got the ring "Eroipa" {Str+4 Dex+6}
 22353 | D:15     | Found a staircase to the Depths.
 22826 | Shoals:1 | Entered Level 1 of the Shoals
 22859 | Shoals:1 | Reached skill level 16 in Dodging
 22994 | Shoals:1 | Reached XP level 16. HP: 83/85 MP: 17/17
 23131 | Shoals:1 | Noticed a kraken
 23137 | Shoals:1 | Noticed a kraken
 23137 | Shoals:1 | Killed a kraken
 23138 | Shoals:1 | Reached skill level 10 in Fighting
 23143 | Shoals:1 | Killed a kraken
 23147 | Shoals:1 | Received a gift from Trog
 23298 | Shoals:1 | Found a runed translucent door.
 23307 | Shoals:1 | Noticed a kraken
 23318 | Shoals:1 | Killed a kraken
 23327 | Shoals:1 | Reached skill level 17 in Dodging
 23594 | Shoals:1 | Noticed a kraken
 23631 | Shoals:1 | Killed a kraken
 23692 | Shoals:1 | Found a bloodstained altar of Trog.
 23706 | Shoals:1 | Noticed a kraken
 23719 | Shoals:1 | Killed a kraken
 23841 | Shoals:1 | Reached skill level 18 in Dodging
 24307 | Shoals:2 | Received a gift from Trog
 24859 | Shoals:2 | Noticed a kraken
 24871 | Shoals:2 | Killed a kraken
 25746 | D:14     | Reached skill level 10 in Stealth
 25881 | D:14     | Found a gate to the Vaults.
 26137 | Orc:2    | Bought a scroll of poison for 56 gold pieces
 26293 | Shoals:3 | Noticed Bai Suzhen
 26299 | Shoals:3 | Reached XP level 17. HP: 91/91 MP: 18/18
 26300 | Shoals:3 | Reached skill level 19 in Dodging
 26419 | Shoals:3 | Noticed a kraken
 26500 | Shoals:3 | Killed Bai Suzhen
 26501 | Shoals:3 | Reached skill level 10 in Unarmed Combat
 26836 | Shoals:3 | Identified the +7 short sword of the People {heavy, rElec
                  | rPois SInv} (Trog gifted it to you on level 3 of the
                  | Shoals)
 26836 | Shoals:3 | Received a gift from Trog
 27048 | Shoals:3 | Killed a kraken
 27275 | Shoals:4 | Entered Level 4 of the Shoals
 27275 | Shoals:4 | Noticed Polyphemus
 27281 | Shoals:4 | Killed Polyphemus
 27710 | Shoals:4 | Reached skill level 20 in Dodging
 27831 | Shoals:4 | Noticed a kraken
 27841 | Shoals:4 | Killed a kraken
 27907 | Shoals:4 | Received a gift from Trog
 28393 | Shoals:4 | Got a barnacled rune of Zot
 28563 | Spider:1 | Entered Level 1 of the Spider Nest
 28723 | Spider:1 | Received a gift from Trog
 28907 | Spider:1 | Reached XP level 18. HP: 82/98 MP: 15/19
 29291 | Spider:1 | Reached skill level 21 in Dodging
 29816 | Spider:2 | Received a gift from Trog
 30004 | Spider:2 | Acquired 751 gold pieces
 30860 | Spider:3 | Received a gift from Trog
 30866 | Spider:3 | Identified the +1 robe "Liucsir" {rF+ rN+ Int+3}
 31226 | Spider:3 | Reached skill level 22 in Dodging
 31239 | Spider:3 | Noticed Arachne
 31246 | Spider:3 | Found a transporter.
 31247 | Spider:3 | Noticed Puukheko's ghost (adept MfGl)
 31251 | Spider:3 | Noticed Lahaam's ghost (adept MiBe)
 31276 | Spider:3 | Found a transporter.
 31365 | Spider:4 | Entered Level 4 of the Spider Nest
 31816 | Spider:4 | Reached skill level 1 in Spellcasting
 32104 | Spider:4 | Received a gift from Trog
 32338 | Spider:4 | Reached skill level 10 in Evocations
 32345 | Spider:4 | Reached XP level 19. HP: 86/102 MP: 1/24
 32370 | Spider:4 | Got a gossamer rune of Zot
 32892 | Vaults:1 | Entered Level 1 of the Vaults
 32996 | Vaults:1 | Identified the +7 rapier "Hesiat" {flame, Fly Str+3 Int+3}
 33760 | Vaults:1 | Received a gift from Trog
 34429 | Vaults:2 | Found a staircase to the Crypt.
 34609 | Vaults:2 | Received a gift from Trog
 34816 | Vaults:2 | Found a flickering gateway to a bazaar.
 34822 | Bazaar   | Entered a bazaar
 34822 | Bazaar   | Found Seyr's Antique Armour Emporium.
 34822 | Bazaar   | Found Asajen's Armour Shoppe.
 34841 | Bazaar   | Found Curos's Antique Weapon Shop.
 34854 | Bazaar   | Found Xino's Magic Scroll Shop.
 34863 | Bazaar   | Bought a scroll of immolation for 28 gold pieces
 34863 | Bazaar   | Bought a scroll of revelation for 52 gold pieces
 34863 | Bazaar   | Bought a scroll of blinking for 52 gold pieces
 34863 | Bazaar   | Bought a scroll of immolation for 28 gold pieces
 35462 | Slime:1  | Entered Level 1 of the Pits of Slime
 35683 | D:7      | Bought a ring of resist corrosion for 260 gold pieces
 36104 | Slime:3  | Gained mutation: You occasionally lose the ability to read
                  | scrolls when taking damage. [a shining eye]
 36105 | Slime:3  | Gained mutation: You sometimes lose the ability to read
                  | scrolls when taking damage. [a shining eye]
 36127 | Slime:2  | Lost mutation: You sometimes lose the ability to read
                  | scrolls when taking damage. [potion of mutation]
 36127 | Slime:2  | Lost mutation: You occasionally lose the ability to read
                  | scrolls when taking damage. [potion of mutation]
 36127 | Slime:2  | Gained mutation: You are partially covered in iridescent
                  | scales. (AC +2) [potion of mutation]
 36127 | Slime:2  | Gained mutation: Your body sometimes deteriorates upon
                  | taking damage. [potion of mutation]
 36127 | Slime:2  | Gained mutation: Your system is resistant to poisons.
                  | (rPois) [potion of mutation]
 36160 | Slime:5  | Entered Level 5 of the Pits of Slime
 36163 | Slime:5  | Found a viscous altar of Jiyva.
 36178 | Slime:5  | Received a gift from Trog
 36200 | Slime:5  | Reached skill level 15 in Evocations
 36297 | Slime:5  | Noticed Dissolution
 36314 | Slime:5  | Killed Dissolution
 36315 | Slime:5  | Reached XP level 20. HP: 107/108 MP: 24/27
 36381 | Slime:5  | Noticed the Royal Jelly
 36408 | Slime:5  | HP: 3/108 [rockslime[the Royal Jelly] (27)]
 36413 | Slime:5  | Found the +27 heavy crossbow "Sniper" {heavy, Acc+∞ SInv}
 36415 | Slime:5  | HP: 2/108 [acid blob/splash of acid (4)]
 36782 | Slime:5  | Killed the Royal Jelly
 36923 | Slime:5  | Identified the ring of the Haunted Apple {rF- rN+ Will+
                  | Int+3}
 37079 | Slime:5  | Got a slimy rune of Zot
 37094 | Slime:5  | Identified the +0 helmet of Kune Xah Zagg {+Blink}
 37414 | Depths:1 | Entered Level 1 of the Depths
 37746 | Depths:1 | Reached skill level 23 in Dodging
 37973 | Depths:1 | Found a gateway to Hell.
 37986 | Depths:1 | Found a transporter.
 38059 | Depths:1 | Found a one-way gate leading to the halls of Pandemonium.
 38254 | Depths:1 | Found a transporter.
 38293 | Depths:1 | Found a transporter.
 38293 | Depths:1 | Found a transporter.
 38385 | Depths:2 | Found a runed translucent door.
 38393 | Depths:2 | Found a runed translucent door.
 38418 | Depths:2 | Reached skill level 15 in Stealth
 38536 | Depths:2 | Found a runed translucent door.
 38539 | Depths:2 | Found a runed translucent door.
 38790 | Depths:3 | Found a magical portal.
 38795 | WizLab   | Entered Borgnjor's Mausoleum
 39500 | WizLab   | Reached XP level 21. HP: 112/112 MP: 21/28
 39902 | Depths:3 | Found a sparkling altar of Nemelex Xobeh.
 40127 | Depths:3 | Received a gift from Trog
 40758 | Depths:3 | Noticed a golden dragon
 40763 | Depths:3 | Killed a golden dragon
 40917 | Depths:3 | Reached skill level 24 in Dodging
 40918 | Depths:3 | Noticed a juggernaut
 40926 | Depths:3 | Received a gift from Trog
 40931 | Depths:3 | Killed a juggernaut
 41164 | Depths:4 | Entered Level 4 of the Depths
 41184 | Depths:4 | Noticed Xtahua
 41193 | Depths:4 | Killed Xtahua
 41400 | Depths:4 | Noticed a caustic shrike
 41407 | Depths:4 | Killed a caustic shrike
 41448 | Depths:4 | Found a broken altar of Ashenzari.
 41493 | Depths:4 | Noticed a caustic shrike
 41494 | Depths:4 | Noticed a caustic shrike
 41494 | Depths:4 | Noticed a caustic shrike
 41502 | Depths:4 | Killed a caustic shrike
 41502 | Depths:4 | Killed a caustic shrike
 41503 | Depths:4 | Killed a caustic shrike
 41600 | Depths:4 | Found a gate to the Realm of Zot.
 41909 | Depths:4 | Found a one-way gateway to a ziggurat.
 41973 | Depths:4 | Found Ubimyh Syqi's Jewellery Shop.
 41975 | Depths:4 | Found Jiozag's Book Shoppe.
 41976 | Depths:4 | Found Gan Enio's Jewellery Shop.
 42280 | Zot:1    | Entered Level 1 of the Realm of Zot
 42335 | Zot:2    | Reached XP level 22. HP: 113/121 MP: 26/29
 42400 | Zot:4    | Noticed Toid's ghost (veteran OgBe)
 42400 | Zot:4    | Found a transporter.
 42426 | Zot:4    | Received a gift from Trog
 42518 | Zot:4    | Noticed a golden dragon
 42562 | Zot:4    | Noticed a curse toe
 42598 | Zot:4    | Killed a curse toe
 42682 | Zot:5    | Entered Level 5 of the Realm of Zot
 43090 | Zot:5    | Noticed a dread lich
 43092 | Zot:5    | Noticed a dread lich
 43095 | Zot:5    | Killed a dread lich
 43105 | Zot:5    | Noticed a dread lich
 43106 | Zot:5    | Killed a dread lich
 43111 | Zot:5    | Noticed an orb of fire
 43115 | Zot:5    | Noticed a Killer Klown
 43117 | Zot:5    | Noticed an orb of fire
 43124 | Zot:5    | Noticed a Killer Klown
 43125 | Zot:5    | Killed a dread lich
 43126 | Zot:5    | Killed an orb of fire
 43127 | Zot:5    | Gained mutation: Your spells are a little easier to cast,
                  | but a little less powerful. [an orb of fire]
 43131 | Zot:5    | Killed a Killer Klown
 43138 | Zot:5    | Killed a Killer Klown
 43138 | Zot:5    | Gained mutation: You are dopey. (Int -2) [an orb of fire]
 43139 | Zot:5    | Reached skill level 25 in Dodging
 43139 | Zot:5    | Killed an orb of fire
 43221 | Zot:5    | Reached skill level 15 in Fighting
 43224 | Zot:5    | Got the Orb of Zot
 43251 | Zot:5    | Gained mutation: Your magical capacity is low. (-10% MP)
                  | [mutagenic glow]
 43274 | Zot:5    | Gained mutation: You are very dopey. (Int -4) [mutagenic
                  | glow]
 43292 | Zot:5    | Gained mutation: You are clumsy. (Dex -2) [mutagenic glow]
 43307 | Zot:4    | Lost mutation: You are clumsy. (Dex -2) [mutagenic glow]
 43480 | Depths:1 | Noticed Cixeahar the pandemonium lord
 43552 | Depths:1 | Noticed Woseul the pandemonium lord
 43561 | Depths:1 | Killed Woseul the pandemonium lord
 43906 | D:$      | Escaped with the Orb!

Illustrated notes

Levels and vault maps discovered:
D:1:      dpeg_arrival_houses_and_road, layout_rooms
D:2:      layout_basic, uniq_natasha
D:3:      layout_basic, mainiacjoe_overflow_alcove_1, serial_shops,
          nicolae_shop_stone, minmay_door_square
D:4:      due_chaos_kobolds, layout_basic, nicolae_elyvilon_peaceful_grove
D:5:      layout_basic, makhleb_heckhound_becter, lemuel_tele_altar,
          general_overflow_altar, minmay_temple_entry_wispy
D:6:      minmay_flawed_box, layout_gridville, nicolae_gozag_seed_capital
D:7:      layout_basic, nicolae_yredelemnul_corpse_copse, serial_shops,
          nicolae_shop_gaudy_bauble
D:8:      layout_basic
D:9:      layout_cave_pods, gammafunk_temple_overflow_statue,
          dpeg_lair_monsters, david_orc_3, serial_bayou, serial_bayou_pond_d,
          serial_bayou_shore_b, serial_bayou_ford_a, serial_bayou_lagoon_b,
          st_stairs_5, serial_bayou_pond_a, uniq_maurice
D:10:     minmay_the_grid_octo_tiled_squarecenter
          [minmay_the_grid_octo_thin_diamonds, minmay_the_grid_octo_fat_diamond,
          minmay_the_grid_octo_pinwheel, minmay_the_grid_octo_checkered,
          minmay_the_grid_square_5x5_megaprize_open,
          minmay_the_grid_square_5x5_minibox,
          minmay_the_grid_square_5x5_moneybag,
          minmay_the_grid_square_5x5_minivault,
          minmay_the_grid_square_5x5_gyroscope], layout_rooms,
          mainiacjoe_overflow_boulevard, nzn_wu_jian_council_hall
D:11:     layout_grid_maze, minmay_guarded_unrand_variability, uniq_fannar
D:12:     layout_basic
D:13:     minmay_dotted_concentric_squares, layout_loops_ring
D:14:     layout_basic, david_vaults_4, nicolae_figureground_sparkle
D:15:     grunt_enter_depths_snipers, layout_irregular_city,
          minmay_fountain_box, gammafunk_ghost_stat_death, uniq_josephine
Temple:   minmay_temple_curvy_loop
Lair:1:   layout_concentric_octagons, grunt_megastairs_3
Lair:2:   layout_chaotic_city, shoals_dummy_entry, spider_nest_entry_funnel_web,
          infiniplex_staircase_pool_2, lemuel_fruit_fields
Lair:3:   layout_concentric_octagons
Lair:4:   layout_roguey [special_room_mythical_zoo], basic_altar,
          portal_ice_cave_entry_pillars_2, eino_house_with_fridge,
          serial_bayou_shore_a, lemuel_fruit_tree
Lair:5:   wormcave, layout_regular_city, slime_entry_1, minivault_11,
          grunt_megastairs_4
Shoals:1: nicolae_shoals_lighthouse, layout_shoals, wheals_shoals_ruined_temple
Shoals:2: layout_shoals, nicolae_shoals_hunting_party
Shoals:3: layout_shoals, nicolae_shoals_arrival_archipelago, uniq_bai_suzhen
Shoals:4: shoals_end_hangedman, layout_shoals, uniq_polyphemus
Spider:1: layout_spider_delve
Spider:2: layout_chambers
Spider:3: nicolae_spider_corner, nzn_ghost_randoct, drop_trap,
          hellmonk_motheaten_closet
Spider:4: spider_rune_water
Slime:1:  layout_caves, cheibrodos_slime_lost_civilization_5
Slime:2:  layout_caves
Slime:3:  layout_caves
Slime:4:  cheibrodos_slime_lost_civilization_1, layout_caves
Slime:5:  slime_pit_nicolae_jellycorners, uniq_dissolution
Orc:1:    layout_diamond_mine, david_defended_altar_orc
Orc:2:    st_orc_pillars, layout_caves
Vaults:1: nicolae_vaults_weapon_check, hangedman_vaults_cutoff,
          nicolae_vaults_six-pack, vaults_room_grunt_arrival_ludios,
          ontoclasm_vaults_decontamination, vaults_room_fours,
          vaults_room_semicircle, nicolae_vaults_specimen_jars,
          layout_vaults_omnigrid
Vaults:2: gammafunk_ghost_crypt, minmay_crypt_entry_nasty_monster,
          nicolae_vaults_shipping_containers_6, nicolae_vaults_circle_grid_b,
          nicolae_vaults_closet_pinwheel_2, grunt_vaults_hallway_long,
          ontoclasm_vaults_pinch, nicolae_vaults_six-pack, v_misc_2,
          nicolae_vaults_mini_display_case, nicolae_vaults_variable_pillar_hall,
          v_pattern_3, v_alt_pattern_6, nicolae_vaults_gold_heap,
          layout_vaults_maze, serial_shops, bzr_entry_safe
Depths:1: layout_small_grid, hangedman_coc_ice_floe, amcnicky_mini_pool_small,
          rand_demon_pan_entry_9, nicolae_transporter_circle
Depths:2: impenetrable_vault, layout_twisted_cross, rand_demon_pan_entry_4,
          nicolae_concentric_dashed_squares_mild,
          nicolae_hell_entry_big_baal_hell, kennysheep_big_empty_room,
          grunt_megastairs_5, minmay_staircase_windowed_large
Depths:3: nzn_winding_woodlands_small [nzn_winding_woodlands_5x15_parted,
          nzn_winding_woodlands_center_pierced_h,
          nzn_winding_woodlands_5x15_longhouse], layout_gridlike,
          hangedman_decor_growths, infiniplex_enter_wizlab_spiral, abyss_entry,
          hell_entry, nemelex_lonely_heart_becter,
          infiniplex_staircase_pillars_1
Depths:4: grunt_zot_entry_bicorn, layout_gridlike, enter_ziggurat_f, hell_entry,
          hex_medium, abyss_entry, cheibrodos_ashenzari_chains,
          minmay_shop_grove, uniq_josephina, uniq_xtahua
Zot:1:    layout_cellular_growth
Zot:2:    kennysheep_spiral_hall, layout_misc_corridors, st_stairs_4
Zot:3:    layout_gridville
Zot:4:    layout_misc_corridors, gammafunk_ghost_arena
Zot:5:    layout_gridlike

Skill      XL: |  1  2  3  4  5  6  7  8  9 10 11 12 13 14 15 16 17 18 19 20 21 22 |
---------------+-------------------------------------------------------------------+-----
Throwing       | 4 5 6 |  6.0
Stealth        | 7 8 10 12 14 15 18 19 | 19.7
Shapeshifting  | 2 5 9 13 16 18 19 20 21 22 23 | 23.5
Short Blades   | 3 |  3.4
Fighting       | 4 6 8 9 10 11 12 13 14 15 | 15.0
Unarmed Combat | 2 4 6 7 8 9 10 11 12 13 14 | 14.3
Evocations     | 8 10 15 17 | 17.9
Dodging        | 5 11 13 16 18 20 22 23 24 25 | 25.2
Spellcasting   | 3 4 |  4.1

Action                     |  1- 3 |  4- 6 |  7- 9 | 10-12 | 13-15 | 16-18 | 19-21 | 22-24 || total
---------------------------+-------+-------+-------+-------+-------+-------+-------+-------++-------
  Melee: Dagger            |    56 |   105 |   278 |    46 |       |       |       |       ||   485
         Punch             |     1 |     3 |     4 |     7 |    38 |    88 |   106 |    27 ||   274
         Unarmed           |       |       |       |   236 |   779 |   939 |   998 |   232 ||  3184
  Throw: Dart              |     1 |    35 |    76 |   142 |       |       |       |       ||   254
 Invoke: Berserk           |       |       |     4 |     1 |     3 |     4 |    15 |     2 ||    29
         Trog's Hand       |       |       |       |       |       |     1 |     1 |     3 ||     5
         Brothers in Arms  |       |       |       |       |       |       |     1 |       ||     1
Ability: Blinkbolt         |       |       |       |    18 |    73 |   119 |    62 |    11 ||   283
  Evoke: Wand              |       |       |    11 |    17 |       |       |     2 |     2 ||    32
         Phantom mirror    |       |       |       |       |       |     1 |       |       ||     1
         Lightning rod     |       |       |       |       |       |       |     3 |       ||     3
         Phial of floods   |       |       |       |       |       |       |     1 |       ||     1
    Use: Scroll            |       |       |     8 |     8 |     9 |    15 |    13 |     4 ||    57
         Potion            |       |       |     1 |       |       |     1 |     1 |    12 ||    15
   Stab: Sleeping          |    15 |    17 |    16 |     7 |    10 |    17 |    25 |     1 ||   108
         Distracted        |       |     1 |       |     1 |     2 |     4 |     7 |     2 ||    17
         Invisible         |       |       |     2 |       |       |       |       |       ||     2
         Petrified         |       |       |       |       |       |     1 |       |       ||     1
 Armour: Robe              |     4 |     5 |    20 |     3 |       |       |       |       ||    32
         Skin              |       |       |       |    46 |    78 |    77 |    38 |    16 ||   255
  Dodge: Dodged            |    25 |    43 |   197 |   369 |  1108 |  1831 |  1518 |   348 ||  5439
   Form: Storm             |       |       |       |     2 |     2 |       |       |       ||     4
                           |       |       |       |     1 |     2 |       |       |       ||     3

Table legend: (Time is in decaauts)
 A = Elapsed time spent in this place.
 B = Non-inter-level travel time spent in this place.
 C = Inter-level travel time spent in this place.
 D = Time resting spent in this place.
 E = Time spent auto-exploring this place.
 F = Levels seen in this place.
 G = Mean time per level.
                   A        B        C        D        E       F      G
               +--------+--------+--------+--------+--------+-----+--------+
         Total |  40180 |  35790 |   4390 |   4246 |  21523 |  49 |  820.0 |
       Dungeon |  15117 |  13126 |   1991 |   1170 |   8501 |  15 | 1007.8 |
        Temple |     59 |     13 |     46 |      0 |      0 |   1 |   59.0 |
          Lair |   5378 |   4449 |    929 |    295 |   2958 |   5 | 1075.6 |
        Shoals |   4546 |   4290 |    256 |    370 |   2812 |   4 | 1136.5 |
   Spider Nest |   4246 |   3806 |    440 |    234 |   2709 |   4 | 1061.5 |
    Slime Pits |   1378 |   1314 |     64 |    557 |    118 |   5 |  275.6 |
  Orcish Mines |   1413 |   1090 |    323 |    128 |    544 |   2 |  706.5 |
        Vaults |   1962 |   1909 |     53 |    189 |   1138 |   2 |  981.0 |
        Depths |   4085 |   3841 |    244 |    776 |   2207 |   4 | 1021.2 |
           Zot |   1011 |    972 |     39 |    208 |    304 |   5 |  202.2 |
        Bazaar |     89 |     89 |      0 |      0 |     67 |   1 |   89.0 |
        Wizlab |    892 |    892 |      0 |    315 |    164 |   1 |  892.0 |
               +--------+--------+--------+--------+--------+-----+--------+

Top non-repeatable levels by time:
     D:9: 2984 daAuts
Depths:3: 1668 daAuts
Shoals:1: 1479 daAuts
Vaults:1: 1442 daAuts
     D:7: 1417 daAuts
    D:12: 1313 daAuts
  Lair:2: 1311 daAuts
     D:6: 1307 daAuts
Spider:4: 1205 daAuts
  Lair:4: 1172 daAuts
  Lair:5: 1167 daAuts
   Orc:2: 1148 daAuts
Spider:2: 1140 daAuts
Shoals:4: 1138 daAuts
Depths:4: 1097 daAuts
